 Dungeon Crawl Stone Soup version 0.22.0-49-gab54619674 (webtiles) character file.

53 denis1488 the Insei (level 3, 2/29 HPs)
             Began as a Draconian Transmuter on Sept 5, 2018.
             Quit the game on level 3 of the Dungeon on Sept 6, 2018.
             The game lasted 00:03:07 (1460 turns).

denis1488 the Insei (Draconian Transmuter)          Turns: 1460, Time: 00:03:07

Health: 2/29       AC:  5    Str: 12    XL:     3   Next: 62%
Magic:  6/6        EV: 12    Int: 18    God:
Gold:   96         SH:  0    Dex: 12    Spells: 2/6 levels left

rFire    . . .     SeeInvis .     - Unarmed
rCold    . . .     Gourm    .   (no shield)
rNeg     . . .     Faith    .   (armour unavailable)
rPois    .         Spirit   .   (helmet restricted)
rElec    .         Reflect  .   (no cloak)
rCorr    +         Harm     .   (no gloves)
MR       .....                  (no boots)
Stlth    ++........             (no amulet)
HPRegen  0.09/turn              h - ring of stealth
MPRegen  0.10/turn              i - ring of resist corrosion

@: brilliant, lethally poisoned (2 -> -13), flying
A: unfitting armour, cold-blooded, AC +5
a: no special abilities


You were on level 3 of the Dungeon.
You were not hungry.

You visited 1 branch of the dungeon, and saw 3 of its levels.

You collected 96 gold pieces.

Inventory:

Missiles
 a - 12 arrows
Jewellery
 h - a ring of stealth (left hand)
 i - a ring of resist corrosion (right hand)
Scrolls
 b - a scroll of fog
 g - a scroll of enchant weapon
 j - 2 scrolls of identify
 l - a scroll of fear {unknown}
 m - a scroll of remove curse {unknown}
Potions
 f - 2 potions of brilliance
Comestibles
 c - 7 rations
 k - 5 chunks of flesh


   Skills:
 + Level 2.0 Fighting
 - Level 1.7 Dodging
 * Level 3.5 Unarmed Combat
 + Level 2.4 Spellcasting
 * Level 2.7 Transmutations
 * Level 0.2 Poison Magic


You had 2 spell levels left.
You knew the following spells:

 Your Spells              Type           Power        Failure   Level  Hunger
a - Beastly Appendage     Tmut           ###...       1%          1    #......
b - Spider Form           Tmut/Pois      ###.......   3%          3    ###....

Your spell library contained the following spells:

 Spells                   Type           Power        Failure   Level  Hunger
 Sticks to Snakes         Tmut           ###.....     1%          2    ##.....
 Ice Form                 Ice/Tmut       ###.....     11%         4    #####..
 Blade Hands              Tmut           ###.......   16%         5    ######.


Dungeon Overview and Level Annotations

Branches:
Dungeon (3/15)

Altars:
Uskayaw


Innate Abilities, Weirdness & Mutations

Your plain brown scales are hard. (AC +5)
You cannot fit into any form of body armour.
You are cold-blooded and may be slowed by cold attacks.


Message History

The kobold shoots a poisoned needle.
The poisoned needle hits you!
You are more poisoned.
You see here a poisoned needle.
* * * LOW HITPOINT WARNING * * *
You feel sick.
Your talons disappear.
* * * LOW HITPOINT WARNING * * *
You feel sick.
* * * LOW HITPOINT WARNING * * *
You feel sick.
You are brilliant.
You are lethally poisoned (2 -> -13).
You are flying.
Your flying speed is average.
Your attack speed is above average.
Your base attributes are Str 12, Int 13, Dex 12.
Welcome back, denis1488 the Draconian Transmuter.
Press ? for a list of commands and other information.
Quiver which item? (- for none, * to show all) (? for menu, Esc to quit)
Okay, then.
Are you sure you want to abandon this character and quit the game? (Confirm
Okay, then.
Are you sure you want to abandon this character and quit the game? (Confirm

########## ##########
#......).# #.@......#
#.######.# #.######.#
#.# #.# #.# #.#
#.######.#####(######.#
#.##...............##.#
#.##.###...###.###K##.#
#.##.##.....##.# #.##.#
##############.###.##.#
P♣ #.....)((#


There were no monsters in sight!

Vanquished Creatures
  2 adders (D:3)
  A dart slug (D:1)
  A leopard gecko (D:1)
  4 giant cockroaches
  2 goblins
  5 hobgoblins
  3 kobolds
  A quokka (D:2)
  A ball python (D:2)
  6 bats
  A frilled lizard (D:1)
  6 rats
33 creatures vanquished.

Notes
Turn   | Place    | Note
-------+----------+-------------------------------------------
     0 | D:1      | denis1488 the Draconian Transmuter began the quest for the
                  | Orb.
     0 | D:1      | Reached XP level 1. HP: 16/16 MP: 3/3
    61 | D:1      | Reached XP level 2. HP: 15/23 MP: 3/5
   746 | D:2      | Found a hide-covered altar of Uskayaw.
  1058 | D:2      | Reached XP level 3. HP: 28/29 MP: 4/6
  1211 | D:3      | Learned a level 3 spell: Spider Form
  1460 | D:3      | Quit the game

Skill      XL: |  1  2  3 |
---------------+----------+-----
Fighting       | 2 |  2.0
Dodging        | |  1.7
Unarmed Combat | |  3.5
Spellcasting   | |  2.4
Transmutations | |  2.7
Poison Magic   | |  0.2

Action                   || total
-------------------------++-------
Melee: Unarmed           ||    96
       Headbutt          ||     9
       Tailslap          ||     8
       Kick              ||     1
       Punch             ||     1
 Cast: Beastly Appendage ||    23
  Use: Scroll            ||     6
       Potion            ||     3
 Stab: Sleeping          ||     5
  Eat: Chunk             ||     2
Armor: Skin              ||    37
Dodge: Dodged            ||    57
